[Event "Titled Tuesday Blitz February 21 Early 2023"]
[White "Alex_Sahakyan2006"]
[Black "Grot, Blazej"]
[BlackFideId "21835845"]
[WhiteElo "2664"]
[BlackElo "1990"]
[Result "1-0"]
[Round "04"]
[TimeControl "180+2"]
[Date "2023.02.21"]
[WhiteClock "0:00:19"]
[BlackClock "0:00:12"]

1. d4 Nf6 2. Nf3 e6 3. g3 d5 4. c4 Be7 5. Bg2 O-O 6. Nc3 c6 7. Qd3 b6 8. O-O Bb7 9. e4 Na6 10. e5 Ne8 11. cxd5 Nb4 12. Qb1 Nxd5 13. Rd1 h6 14. Qc2 Nec7 15. Qe2 c5 16. dxc5 Bxc5 17. Ne4 Qe7 18. a3 a5 19. Nxc5 Qxc5 20. Nd2 Rfd8 21. Ne4 Qe7 22. Qg4 Kh8 23. Qh5 Kg8 24. Bxh6 gxh6 25. Qxh6 Ne8 26. Ng5 f6 27. Qg6+ Qg7 28. Qxg7+ Nxg7 29. exf6 Nf5 30. f7+ Kh8 31. Nxe6 Rd6 32. f8=Q+ Rxf8 33. Nxf8 Kg7 34. Ne6+ Rxe6 35. Bxd5 Bxd5 36. Rxd5 Ne7 37. Rd7 Kf8 38. Rad1 Ke8 39. R7d6 Re2 40. Rxb6 Nf5 41. Rb5 Nh6 42. Rxa5 Ng4 43. Rf1 Rxb2 44. h3 Nf6 45. Rf5 Ke7 46. Re1+ Kf7 47. Rxf6+ Kxf6 48. Ra1 Rb5 49. a4 Ra5 50. h4 Kf5 51. Kg2 Kg4 52. f3+ Kh5 53. Kh3 Kg6 54. g4 1-0


[Site "https://www.chess.com"]

[Event "Titled Tuesday Blitz February 21 Early 2023"]
[White "Mindlin, Alon"]
[Black "Ouakhir, Pierre Mehdi"]
[WhiteFideId "2800071"]
[BlackFideId "9000437"]
[WhiteElo "2435"]
[BlackElo "2212"]
[Result "1-0"]
[Round "04"]
[TimeControl "180+2"]
[Date "2023.02.21"]
[WhiteClock "0:01:57"]
[BlackClock "0:00:06"]

1. e4 e5 2. Nf3 Nc6 3. Nc3 Nf6 4. Bb5 Bb4 5. O-O O-O 6. d3 d6 7. Bg5 Bxc3 8. bxc3 Bd7 9. Rb1 Rb8 10. Re1 h6 11. Bc1 Nh7 12. d4 Qe7 13. d5 Na5 14. Bxd7 Qxd7 15. Nh4 Qe7 16. Nf5 Qf6 17. Re3 b6 18. Rf3 Ng5 19. Rg3 Nxe4 20. Rxg7+ Kh8 21. Qh5 Rg8 22. Bxh6 Qxf5 23. Bg5+ 1-0


[Site "https://www.chess.com"]

[Event "Titled Tuesday Blitz February 21 Early 2023"]
[White "Rengifo Blancas, Renzo Jhonathan"]
[Black "Shuvalova, Polina"]
[WhiteFideId "3807185"]
[BlackFideId "24171760"]
[WhiteElo "2131"]
[BlackElo "2484"]
[Result "0-1"]
[Round "04"]
[TimeControl "180+2"]
[Date "2023.02.21"]
[WhiteClock "0:01:22"]
[BlackClock "0:01:54"]

1. e4 c6 2. d4 d5 3. Nc3 dxe4 4. Nxe4 Nf6 5. Nxf6+ exf6 6. c3 Bd6 7. Bd3 O-O 8. Qh5 g6 9. Qh4 Re8+ 10. Ne2 b6 11. Bf4 Ba6 12. Bxd6 Bxd3 13. Bxb8 Rxe2+ 14. Kd1 Rxb8 15. Qg3 Ba6 16. Re1 Rxe1+ 17. Kxe1 Qe7+ 18. Kd2 Qe2+ 19. Kc1 Bd3 20. Qxb8+ Kg7 0-1


[Site "https://www.chess.com"]

[Event "Titled Tuesday Blitz February 21 Early 2023"]
[White "Iskusnyh, Sergei"]
[Black "Rottenwohrer Suarez, Juan"]
[WhiteFideId "4120027"]
[BlackFideId "32068182"]
[WhiteElo "2440"]
[BlackElo "2265"]
[Result "0-1"]
[Round "04"]
[TimeControl "180+2"]
[Date "2023.02.21"]
[WhiteClock "0:00:06"]
[BlackClock "0:00:28"]

1. d4 Nf6 2. c4 g6 3. g3 Bg7 4. Bg2 O-O 5. Nc3 d6 6. Nf3 Nc6 7. d5 Na5 8. b3 c6 9. Bb2 cxd5 10. cxd5 a6 11. O-O b5 12. Nd4 Bb7 13. e4 Rc8 14. Qd2 Qb6 15. Rac1 Ng4 16. Nce2 Rxc1 17. Rxc1 Rc8 18. Rxc8+ Bxc8 19. Bc3 Nb7 20. b4 Ne5 21. h3 Nd8 22. Kh2 Nc4 23. Qc1 e6 24. dxe6 Nxe6 25. Nxe6 Bxe6 26. Bxg7 Kxg7 27. Qc3+ Kg8 28. Nd4 Bd7 29. a4 Ne5 30. axb5 axb5 31. f4 Nc4 32. Qa1 h5 33. f5 Ne5 34. f6 Qd8 35. Qc1 Qxf6 36. Qc7 Qf2 37. Qxd6 h4 38. Qxe5 hxg3+ 39. Qxg3 Qxd4 40. e5 Qxb4 41. Qg5 Be6 42. Qd8+ Kg7 43. Qf6+ Kh7 44. h4 Qg4 45. Qe7 Qf4+ 46. Kg1 Qxe5 47. h5 Qxh5 48. Qf6 b4 49. Kf2 b3 50. Ke3 Qc5+ 0-1


[Site "https://www.chess.com"]

[Event "Titled Tuesday Blitz February 21 Early 2023"]
[White "Kononenko, Dmitry"]
[Black "Martic, Ivan"]
[WhiteFideId "14113538"]
[BlackFideId "929301"]
[WhiteElo "2256"]
[BlackElo "2301"]
[Result "1-0"]
[Round "04"]
[TimeControl "180+2"]
[Date "2023.02.21"]
[WhiteClock "0:00:29"]
[BlackClock "0:00:36"]

1. e4 d6 2. d4 Nf6 3. Nc3 e5 4. dxe5 dxe5 5. Qxd8+ Kxd8 6. Bg5 Nd7 7. f4 Bd6 8. Nf3 h6 9. Bxf6+ gxf6 10. f5 c6 11. Bc4 Ke7 12. O-O-O b5 13. Bb3 Nc5 14. Rhe1 a5 15. a4 b4 16. Nb1 Nxb3+ 17. cxb3 Ba6 18. Nbd2 Rhg8 19. g3 Bc5 20. Nc4 Bxc4 21. bxc4 b3 22. Rd3 Rab8 23. Red1 Rb4 24. Rc3 Rgb8 25. Rdd3 Rxa4 26. Rxb3 Rxc4+ 27. Rbc3 Rxc3+ 28. Rxc3 Kd6 29. Nd2 Bb4 30. Nc4+ Ke7 31. Rd3 h5 32. Kc2 a4 33. h3 Rb5 34. Ne3 Bc5 35. Nd1 Rb4 36. Nc3 Bd4 37. Nd1 c5 38. Ra3 c4 39. Nc3 Bf2 40. Nd5+ Kd6 41. Nxb4 1-0


[Site "https://www.chess.com"]

[Event "Titled Tuesday Blitz February 21 Early 2023"]
[White "Annaberdiyev, Meylis"]
[Black "QuiesPrecatio"]
[WhiteFideId "14000563"]
[WhiteElo "2495"]
[BlackElo "2417"]
[Result "1-0"]
[Round "04"]
[TimeControl "180+2"]
[Date "2023.02.21"]
[WhiteClock "0:01:02"]
[BlackClock "0:00:05"]

1. e4 c5 2. Nf3 Nc6 3. Bb5 g6 4. O-O Bg7 5. c3 Nf6 6. Re1 O-O 7. d4 cxd4 8. cxd4 d6 9. h3 a6 10. Bxc6 bxc6 11. Nc3 Nd7 12. Bg5 h6 13. Be3 Rb8 14. Qd2 Kh7 15. Rac1 Qa5 16. b3 Bb7 17. Na4 Qxd2 18. Nxd2 Rfc8 19. Rc2 Ba8 20. Rec1 Rb4 21. a3 Rxd4 22. Bxd4 Bxd4 23. b4 Ba7 24. Nb3 c5 25. bxc5 Bxe4 26. Re2 Bd5 27. Rxe7 Bxb3 28. Rxd7 Bxc5 29. Nxc5 dxc5 30. Rd6 a5 31. Rc3 a4 32. h4 h5 33. Kh2 c4 34. Rd7 Kg7 35. Rf3 Rf8 36. Rc7 Kg8 37. Rf6 Kg7 38. Rf4 Kg8 39. f3 Kg7 40. g4 hxg4 41. fxg4 Kg8 42. Kg3 Kg7 43. g5 Kg8 44. Rf6 Kg7 45. Kf4 Kg8 46. Kf3 Kg7 47. Ke3 Re8+ 48. Kd2 Rd8+ 49. Kc3 Rd3+ 50. Kb4 c3 51. Rxc3 Rd4+ 52. Ka5 Rxh4 53. Rc5 Rg4 54. Rb6 Rg3 55. Rb8 Rg4 56. Rcc8 f5 57. Rb7+ Bf7 58. Rcc7 1-0


[Site "https://www.chess.com"]

[Event "Titled Tuesday Blitz February 21 Early 2023"]
[White "Valle Maytin, Luis Enrique"]
[Black "Rosen, Eric"]
[WhiteFideId "3503666"]
[BlackFideId "2032562"]
[WhiteElo "2241"]
[BlackElo "2349"]
[Result "0-1"]
[Round "04"]
[TimeControl "180+2"]
[Date "2023.02.21"]
[WhiteClock "0:00:01"]
[BlackClock "0:00:03"]

1. e4 c5 2. Nf3 Nc6 3. Bb5 g6 4. O-O Bg7 5. Bxc6 dxc6 6. Re1 e5 7. d3 Nf6 8. Nbd2 Nd7 9. a4 a5 10. b3 O-O 11. Bb2 Qe7 12. Nc4 b6 13. h3 Ba6 14. Ne3 Rae8 15. Qd2 h6 16. Rad1 Kh7 17. Kh2 Qd6 18. Nc4 Qc7 19. Kg1 f6 20. Qe3 h5 21. Nh4 Rf7 22. Qg3 Nf8 23. Bc1 Bc8 24. f4 b5 25. Nb2 f5 26. Nf3 Rfe7 27. Ng5+ Kh8 28. Rf1 exf4 29. Bxf4 Qd8 30. Bc1 Qd4+ 31. Kh1 Be5 32. Qf3 Nh7 33. Nxh7 Rxh7 34. exf5 Bxf5 35. Rde1 Rhe7 36. Nd1 Bb8 37. Bb2 Rxe1 38. Bxd4+ cxd4 39. Qf2 R1e2 40. Qxd4+ Be5 41. Qc5 Bg7 42. Nc3 Rxc2 43. d4 b4 44. Qd6 Rxc3 45. Qd7 Bxd7 46. g4 Bxd4 47. Rf7 c5 48. Rxd7 Re2 0-1


[Site "https://www.chess.com"]

[Event "Titled Tuesday Blitz February 21 Early 2023"]
[White "Silva, Pedro Gil Ferreira Da"]
[Black "TheKnightOfBosnia"]
[WhiteFideId "1946102"]
[WhiteElo "2227"]
[BlackElo "2616"]
[Result "1-0"]
[Round "04"]
[TimeControl "180+2"]
[Date "2023.02.21"]
[WhiteClock "0:00:29"]
[BlackClock "0:00:15"]

1. c4 c5 2. Nf3 Nc6 3. Nc3 e6 4. g3 g6 5. Bg2 Bg7 6. O-O Nge7 7. b3 O-O 8. Bb2 a6 9. Rc1 Rb8 10. Qc2 d6 11. e3 b5 12. cxb5 axb5 13. Ne4 Nb4 14. Qb1 Bb7 15. Bxg7 Kxg7 16. a3 Nbc6 17. Qb2+ e5 18. d4 cxd4 19. exd4 f6 20. dxe5 dxe5 21. Rfd1 Qb6 22. Nc5 Bc8 23. b4 Rd8 24. Qc3 Nf5 25. Rxd8 Nxd8 26. g4 Nd6 27. g5 Nc4 28. Ne4 Ne6 29. gxf6+ Kf7 30. Nxe5+ Kf8 31. Nxc4 bxc4 32. Qxc4 Ba6 33. Qd5 Bb7 34. Qe5 Re8 35. Qd6+ Qxd6 36. Nxd6 Bxg2 37. Kxg2 Nf4+ 38. Kf3 Rd8 39. Kg4 Nd3 40. Rc8 Rxc8 41. Nxc8 Nxf2+ 42. Kf4 Ke8 43. Nd6+ Kd7 44. f7 Ke7 45. b5 Nd3+ 46. Kg5 Ne5 47. Kh6 Nd7 48. Kg7 h5 49. Nc8+ Kd8 50. Kxg6 Kxc8 51. Kg7 Kb7 52. f8=Q Nxf8 53. Kxf8 Kb6 54. a4 Ka5 55. Kf7 h4 56. Kg6 h3 57. Kg5 Kxa4 58. b6 Kb5 59. b7 Kc6 60. b8=Q Kd7 61. Qf8 Ke6 62. Qf3 Kd7 63. Qxh3+ Ke7 1-0


[Site "https://www.chess.com"]

[Event "Titled Tuesday Blitz February 21 Early 2023"]
[White "Derix, Bernhard"]
[Black "Miszler, Levente"]
[WhiteFideId "4642368"]
[BlackFideId "763276"]
[WhiteElo "2065"]
[BlackElo "2271"]
[Result "1-0"]
[Round "04"]
[TimeControl "180+2"]
[Date "2023.02.21"]
[WhiteClock "0:01:33"]
[BlackClock "0:01:46"]

1. e4 e6 2. d3 d5 3. Nd2 Nf6 4. Ngf3 Be7 5. g3 c5 6. Bg2 Nc6 7. O-O O-O 8. Re1 b5 9. exd5 exd5 10. d4 c4 11. a4 Rb8 12. axb5 Rxb5 13. Ne5 Nxd4 14. c3 Nb3 15. Nxb3 Rxb3 16. Nc6 Qc7 17. Nxe7+ Kh8 18. Nxd5 Qd8 19. Rxa7 Bg4 20. Qd4 Nxd5 21. Bxd5 Rb5 22. Bh6 f6 23. Bxg7# 1-0


[Site "https://www.chess.com"]

[Event "Titled Tuesday Blitz February 21 Early 2023"]
[White "Aydincelebi, Kagan"]
[Black "Toktomushev, Teimur"]
[WhiteFideId "6361102"]
[BlackFideId "14176726"]
[WhiteElo "2280"]
[BlackElo "2239"]
[Result "0-1"]
[Round "04"]
[TimeControl "180+2"]
[Date "2023.02.21"]
[WhiteClock "0:00:15"]
[BlackClock "0:00:04"]

1. e4 c5 2. Nf3 e6 3. c3 d5 4. exd5 Qxd5 5. d4 Nf6 6. Be3 cxd4 7. cxd4 Bb4+ 8. Nc3 O-O 9. Bd3 Bd7 10. O-O Bxc3 11. bxc3 Bb5 12. Ne5 Bxd3 13. Qxd3 Nc6 14. Nxc6 Qxc6 15. c4 Rac8 16. Rac1 h6 17. Rfd1 Rfd8 18. h3 Qa6 19. Qb3 Rc6 20. Bf4 Rdc8 21. c5 b6 22. Bd6 Ne4 23. Be7 R6c7 24. Bh4 bxc5 25. d5 c4 26. Qe3 exd5 27. Rxd5 Qe6 28. Rd4 Nc5 29. Rdxc4 Qxe3 30. fxe3 Ne6 31. Rxc7 Rxc7 32. Rb1 Rc2 33. a4 Nc5 34. a5 Ra2 35. Rb5 Ne4 36. Bd8 Ra1+ 37. Kh2 Nd2 38. Kg3 Nf1+ 39. Kf3 Nd2+ 40. Ke2 Ne4 41. Kd3 Nf2+ 42. Kc4 Rc1+ 43. Kd5 Rd1+ 44. Kc6 Ne4 45. Rd5 Rc1+ 46. Kb7 Nc3 47. Rc5 Rb1+ 48. Kxa7 Nb5+ 49. Ka6 Nd6 50. Bb6 Ne4 51. Rc8+ Kh7 52. Rc4 Nd6 53. Rc6 Nf5 54. Kb7 Ne7 55. Rc7 Nd5 56. Rc5 Nxe3 57. a6 Ra1 58. a7 Nxg2 59. a8=Q Rxa8 60. Kxa8 Nf4 61. Kb7 Nxh3 62. Kc6 f6 63. Kd5 Ng5 64. Rc1 h5 65. Be3 Nf7 66. Ke4 h4 67. Rh1 g5 68. Kf5 Kg7 69. Bd4 Nh6+ 70. Ke6 Kg6 71. Bxf6 Ng4 72. Bd4 Nh6 73. Ke5 Ng4+ 74. Ke4 Nh6 75. Rg1 Nf5 76. Be3 Ng3+ 77. Kf3 Kf5 78. Bf2 Ne4 79. Be1 h3 80. Bg3 g4+ 81. Ke2 Nxg3+ 82. Kf2 Ne4+ 83. Ke2 Kf4 84. Kf1 Ng3+ 85. Kf2 Nf5 86. Ke2 g3 87. Rh1 Kg4 88. Kf1 g2+ 0-1


[Site "https://www.chess.com"]

[Event "Titled Tuesday Blitz February 21 Early 2023"]
[White "Melikyan, Gnel"]
[Black "Torres Boch, Jose Francisco"]
[WhiteFideId "54109990"]
[BlackFideId "2278383"]
[WhiteElo "2238"]
[BlackElo "2180"]
[Result "1-0"]
[Round "04"]
[TimeControl "180+2"]
[Date "2023.02.21"]
[WhiteClock "0:01:43"]
[BlackClock "0:01:13"]

1. h3 e5 2. c4 Nf6 3. Nc3 d5 4. cxd5 Nxd5 5. e4 Nb4 6. Nf3 Nd3+ 7. Bxd3 Qxd3 8. Nxe5 Qd8 9. O-O Bc5 10. b4 Bd4 11. Nf3 Bb6 12. d4 O-O 13. Nd5 Be6 14. Nxb6 axb6 15. d5 Bd7 16. Bb2 c5 17. a3 Qe7 18. Re1 Ba4 19. Qd2 Nd7 20. Qc3 f6 21. Nh4 cxb4 22. axb4 Rfc8 23. Nf5 Qf7 24. Rxa4 Rxc3 25. Rxa8+ Nf8 26. Bxc3 g6 1-0


[Site "https://www.chess.com"]

[Event "Titled Tuesday Blitz February 21 Early 2023"]
[White "Alice, Mateus Felizardo Viageiro"]
[Black "Cuenca Jimenez, Jose Fernando"]
[WhiteFideId "14800047"]
[BlackFideId "2255570"]
[WhiteElo "2202"]
[BlackElo "2535"]
[Result "1-0"]
[Round "04"]
[TimeControl "180+2"]
[Date "2023.02.21"]
[WhiteClock "0:00:57"]
[BlackClock "0:02:22"]

1. e4 d6 2. d4 Nf6 3. Nc3 e5 4. Nf3 Nbd7 5. a4 Be7 6. Bc4 O-O 7. h3 c6 8. O-O b6 9. Re1 a6 10. dxe5 dxe5 11. Qe2 Qc7 12. Bg5 Nc5 13. Bh4 Nh5 14. Bxe7 1-0


[Site "https://www.chess.com"]

[Event "Titled Tuesday Blitz February 21 Early 2023"]
[White "Corredor Castellanos, Camilo"]
[Black "Souleidis, Georgios"]
[WhiteFideId "4425871"]
[BlackFideId "4206827"]
[WhiteElo "1957"]
[BlackElo "2419"]
[Result "1-0"]
[Round "04"]
[TimeControl "180+2"]
[Date "2023.02.21"]
[WhiteClock "0:00:09"]
[BlackClock "0:00:02"]

1. Nf3 Nf6 2. b3 d5 3. Bb2 Bf5 4. e3 e6 5. c4 c6 6. Be2 Bd6 7. Nh4 Bg6 8. Nxg6 hxg6 9. h3 Nbd7 10. d3 Rc8 11. Nd2 a6 12. e4 Qe7 13. O-O O-O 14. Re1 dxe4 15. Nxe4 Nxe4 16. dxe4 Rfd8 17. Qc2 Ba3 18. Bd4 e5 19. Be3 Bc5 20. Bg4 Rb8 21. Rad1 Bxe3 22. Rxe3 Nc5 23. b4 Rxd1+ 24. Qxd1 Rd8 25. Qa1 Nd3 26. a3 Rd4 27. Qc3 Qd8 28. g3 f5 29. exf5 gxf5 30. Bxf5 Nc1 31. Kg2 Rd1 32. Qxe5 Na2 33. Be6+ Kf8 34. c5 1-0


[Site "https://www.chess.com"]

[Event "Titled Tuesday Blitz February 21 Early 2023"]
[White "Tan, Jun Ying"]
[Black "Sovetbekova, Nurai"]
[WhiteFideId "5710413"]
[BlackFideId "13801910"]
[WhiteElo "2307"]
[BlackElo "1764"]
[Result "1-0"]
[Round "04"]
[TimeControl "180+2"]
[Date "2023.02.21"]
[WhiteClock "0:00:46"]
[BlackClock "0:00:16"]

1. d4 Nf6 2. c4 g6 3. Nc3 d5 4. cxd5 Nxd5 5. Na4 Bg7 6. e4 Nb4 7. a3 Bxd4 8. axb4 Bxf2+ 9. Ke2 Bg4+ 10. Nf3 Qxd1+ 11. Kxd1 Nc6 12. b5 Nd4 13. Be2 O-O-O 14. Nxd4 Rxd4+ 15. Bd2 Be6 16. Kc2 Rhd8 17. Bc3 Rxe4 18. Bd3 Re3 19. Nc5 Bg4 20. Rxa7 b6 21. Ra8# 1-0


[Site "https://www.chess.com"]

[Event "Titled Tuesday Blitz February 21 Early 2023"]
[White "Goroshkov, Maksym"]
[Black "Guzman Moneo, Alberto"]
[WhiteFideId "14142716"]
[BlackFideId "2209616"]
[WhiteElo "2287"]
[BlackElo "2170"]
[Result "1-0"]
[Round "04"]
[TimeControl "180+2"]
[Date "2023.02.21"]
[WhiteClock "0:01:33"]
[BlackClock "0:00:23"]

1. e4 c5 2. d4 cxd4 3. c3 Nf6 4. e5 Nd5 5. Bc4 e6 6. cxd4 d6 7. Nf3 Nd7 8. Bxd5 exd5 9. O-O dxe5 10. dxe5 Nc5 11. Nc3 Be6 12. b4 Ne4 13. Nxe4 dxe4 14. Nd4 Qd5 15. Nxe6 Qxe6 16. Qa4+ Qd7 17. b5 Bc5 18. Qxe4 O-O 19. a4 a6 20. bxa6 Rxa6 21. Be3 Bxe3 22. fxe3 Rfa8 23. Rfd1 Qe7 24. h3 h6 25. Rd4 Ra5 26. Rd5 Rxd5 27. Qxd5 Rd8 28. Qe4 Rd2 29. Rb1 Rd7 30. Rb6 Rc7 31. Kh2 Qc5 32. Rb5 Qe7 33. a5 Qe6 34. Rb6 Qe7 35. e6 fxe6 36. Rxe6 Qf7 37. Re8+ 1-0


[Site "https://www.chess.com"]

[Event "Titled Tuesday Blitz February 21 Early 2023"]
[White "Zaichenko, Daria"]
[Black "Stijve, Theo"]
[WhiteFideId "4197453"]
[BlackFideId "1331132"]
[WhiteElo "2104"]
[BlackElo "2351"]
[Result "1/2-1/2"]
[Round "04"]
[TimeControl "180+2"]
[Date "2023.02.21"]
[WhiteClock "0:00:04"]
[BlackClock "0:00:19"]

1. e4 c5 2. Nf3 e6 3. d4 cxd4 4. Nxd4 Nc6 5. c4 Nf6 6. Nc3 Bc5 7. Nb3 Bb4 8. Bd3 d5 9. exd5 exd5 10. O-O Bxc3 11. bxc3 O-O 12. Bg5 dxc4 13. Bxc4 Ne5 14. Qxd8 Rxd8 15. Bxf6 gxf6 16. Be2 Be6 17. Rad1 Rac8 18. Rxd8+ Rxd8 19. Rd1 Rc8 20. Rc1 b6 21. f4 Nd7 22. Kf2 a5 23. Rc2 Nc5 24. c4 Bf5 25. Rc1 Nd3+ 26. Bxd3 Bxd3 27. c5 bxc5 28. Rxc5 Rxc5 29. Nxc5 Bb5 30. a4 Bc6 31. g4 Kf8 32. Ke3 Ke7 33. Kd4 Kd6 34. h4 Bf3 35. g5 fxg5 36. fxg5 Bc6 37. Ne4+ Ke6 38. Nf6 h6 39. Ng4 hxg5 40. hxg5 Bxa4 41. Ne5 Bd1 42. g6 fxg6 43. Nxg6 a4 44. Kc3 Kd5 45. Kb2 Kc4 46. Ne5+ Kb5 47. Nd3 Be2 48. Nc1 Bf1 49. Na2 Kc4 50. Nc3 a3+ 51. Kxa3 1/2-1/2


[Site "https://www.chess.com"]

[Event "Titled Tuesday Blitz February 21 Early 2023"]
[White "Afanasieva, Alexandra"]
[Black "Al-Tarboush, Ward"]
[WhiteFideId "34126926"]
[BlackFideId "7601450"]
[WhiteElo "1857"]
[BlackElo "2256"]
[Result "1-0"]
[Round "04"]
[TimeControl "180+2"]
[Date "2023.02.21"]
[WhiteClock "0:00:05"]
[BlackClock "0:01:24"]

1. e4 c5 2. Nf3 Nc6 3. Bb5 e6 4. Bxc6 bxc6 5. O-O Ne7 6. d3 Ng6 7. b3 Be7 8. Bb2 f6 9. Nbd2 e5 10. Re1 O-O 11. Nf1 d5 12. Ng3 Nf4 13. Ne2 Nxe2+ 14. Qxe2 Bg4 15. h3 Bh5 16. g4 Bf7 17. Rad1 Qd7 18. Nh4 g6 19. Nf3 Rad8 20. c4 Be6 21. Nh2 h6 22. Bc1 g5 23. Nf1 h5 24. f3 Kg7 25. Ng3 hxg4 26. hxg4 Rh8 27. Kg2 Rh4 28. Rh1 Rdh8 29. Nh5+ R8xh5 30. gxh5 Bh3+ 31. Kf2 d4 32. Rdg1 Kh6 33. Rg3 Rxh5 34. Qe1 Rh4 35. Qg1 Kh7 36. Qh2 g4 37. fxg4 f5 38. gxf5 1-0


[Site "https://www.chess.com"]

[Event "Titled Tuesday Blitz February 21 Early 2023"]
[White "Lauridsen, Jesper Morch"]
[Black "Wadsworth, Matthew J"]
[WhiteFideId "1401890"]
[BlackFideId "415804"]
[WhiteElo "2309"]
[BlackElo "2428"]
[Result "1-0"]
[Round "04"]
[TimeControl "180+2"]
[Date "2023.02.21"]
[WhiteClock "0:00:03"]
[BlackClock "0:00:02"]

1. e4 e6 2. d4 d5 3. e5 c5 4. c3 Nc6 5. Nf3 Qb6 6. Bd3 Nh6 7. O-O cxd4 8. cxd4 Nf5 9. Nc3 Nfxd4 10. Nxd4 Qxd4 11. Re1 a6 12. Be3 Qh4 13. Na4 Bb4 14. Re2 O-O 15. Nb6 Rb8 16. Qa4 Be7 17. f4 Bd8 18. Nxc8 Rxc8 19. Rf1 f5 20. exf6 Bxf6 21. Bc5 Rfe8 22. Re3 b5 23. Qxa6 Nb4 24. Bxb4 Bd4 25. Bd2 e5 26. Kh1 Bxe3 27. Bxe3 exf4 28. Bxf4 Rf8 29. Bg3 Rxf1+ 30. Bxf1 Qg4 31. h3 Qf5 32. Bd3 Rc1+ 33. Kh2 Qxd3 34. Qe6+ Kf8 35. Bd6# 1-0


[Site "https://www.chess.com"]

[Event "Titled Tuesday Blitz February 21 Early 2023"]
[White "Sailer, Mike"]
[Black "Jakubowski, Krzysztof"]
[WhiteFideId "2012901"]
[BlackFideId "1112848"]
[WhiteElo "2109"]
[BlackElo "2486"]
[Result "0-1"]
[Round "04"]
[TimeControl "180+2"]
[Date "2023.02.21"]
[WhiteClock "0:00:17"]
[BlackClock "0:00:32"]

1. d4 Nf6 2. Bg5 e6 3. e3 h6 4. Bh4 d6 5. Nf3 Nbd7 6. c4 b6 7. Nc3 Bb7 8. Bd3 g5 9. Bg3 Nh5 10. Qc2 Bg7 11. O-O-O a6 12. Kb1 Qe7 13. Be4 c6 14. Nd2 d5 15. Bf3 Nxg3 16. hxg3 Rc8 17. Bh5 O-O 18. Be2 c5 19. dxc5 Nxc5 20. Rc1 dxc4 21. Nxc4 b5 22. Na5 Bxg2 23. Rhg1 Ba8 24. Qd1 Rfd8 25. Qe1 b4 26. Nd1 Be4+ 27. Ka1 Na4 28. f3 Rxc1# 0-1


[Site "https://www.chess.com"]

[Event "Titled Tuesday Blitz February 21 Early 2023"]
[White "tandercat"]
[Black "Kvaloy, Aksel Bu"]
[BlackFideId "1528815"]
[WhiteElo "1859"]
[BlackElo "2321"]
[Result "0-1"]
[Round "04"]
[TimeControl "180+2"]
[Date "2023.02.21"]
[WhiteClock "0:00:01"]
[BlackClock "0:00:54"]

1. d4 Nf6 2. c4 e6 3. Nc3 Bb4 4. f3 c5 5. d5 exd5 6. cxd5 d6 7. e4 O-O 8. Ne2 Re8 9. Ng3 a6 10. a4 Nbd7 11. Be2 Nf8 12. O-O Rb8 13. Bd2 b5 14. axb5 axb5 15. Nxb5 Bxd2 16. Qxd2 Qb6 17. Kh1 h5 18. Bc4 h4 19. Ne2 Ng6 20. b3 Ne5 21. Qg5 Bd7 22. Nec3 h3 23. gxh3 Bxh3 24. Rf2 Ng6 25. Rg1 Bd7 26. h4 Re5 27. Qg3 Rh5 28. Rh2 Bxb5 29. Nxb5 Rd8 30. Rh3 Rh7 31. Rh2 Nh5 32. Qg5 Re8 33. Qf5 Ne5 34. f4 g6 35. Qh3 Nxf4 0-1


[Site "https://www.chess.com"]

[Event "Titled Tuesday Blitz February 21 Early 2023"]
[White "Santos Flores, Alberto"]
[Black "Navara, David"]
[WhiteFideId "3601234"]
[BlackFideId "309095"]
[WhiteElo "2164"]
[BlackElo "2678"]
[Result "0-1"]
[Round "04"]
[TimeControl "180+2"]
[Date "2023.02.21"]
[WhiteClock "0:00:03"]
[BlackClock "0:00:05"]

1. e4 c6 2. d4 d5 3. Nc3 dxe4 4. Nxe4 Nf6 5. Nxf6+ exf6 6. c3 Bd6 7. Bd3 O-O 8. Ne2 Re8 9. O-O Nd7 10. Ng3 Nf8 11. Qh5 g6 12. Qh6 f5 13. Bg5 Be7 14. h4 f6 15. Bd2 Ne6 16. Ne2 f4 17. Bc4 b5 18. Bb3 Kh8 19. Nxf4 Nxf4 20. Qxf4 Bf5 21. Rfe1 Qd7 22. h5 g5 23. Qf3 Bg4 24. Qd3 Bxh5 25. Re3 Bg6 26. Qe2 Bd6 27. Re1 Rxe3 28. Qxe3 Re8 29. Qf3 Kg7 30. Rxe8 Qxe8 31. Qe3 Qxe3 32. Bxe3 Bf7 33. Bxf7 Kxf7 34. g4 a5 35. f3 a4 36. b3 Kg6 37. c4 f5 38. Kg2 h5 39. gxf5+ Kxf5 40. Bd2 g4 41. fxg4+ hxg4 42. d5 bxc4 43. bxc4 cxd5 44. cxd5 Ke4 45. Bc1 Kxd5 46. Bd2 Kc4 47. Be1 Kd3 48. Ba5 Kc2 49. a3 Kb3 50. Bb4 Bxb4 0-1


[Site "https://www.chess.com"]

[Event "Titled Tuesday Blitz February 21 Early 2023"]
[White "Kubicka, Anna"]
[Black "Kamsky, Gata"]
[WhiteFideId "1152254"]
[BlackFideId "2000024"]
[WhiteElo "2240"]
[BlackElo "2665"]
[Result "1/2-1/2"]
[Round "04"]
[TimeControl "180+2"]
[Date "2023.02.21"]
[WhiteClock "0:00:08"]
[BlackClock "0:00:04"]

1. e4 e5 2. Nf3 Nc6 3. Bb5 a6 4. Ba4 Nf6 5. O-O Be7 6. Re1 b5 7. Bb3 d6 8. c3 O-O 9. h3 Nb8 10. d4 Nbd7 11. c4 c6 12. Qc2 Bb7 13. Nc3 b4 14. Ne2 c5 15. d5 g6 16. Ng3 Ne8 17. Bh6 Ng7 18. a3 a5 19. Ba4 Nf6 20. Nh2 Kh8 21. Rf1 Ng8 22. Be3 Bg5 23. Qd2 Bxe3 24. Qxe3 Qc7 25. f4 exf4 26. Rxf4 f6 27. Raf1 Ba6 28. Qd3 Qe7 29. Bc6 Rab8 30. axb4 Rxb4 31. b3 Bb7 32. Ba4 Bc8 33. Qc3 Bd7 34. Bxd7 Qxd7 35. Ng4 Qb7 36. R4f3 Rb8 37. Nxf6 Rxb3 38. Qa1 Rxf3 39. gxf3 Qb2 40. Nd7 Rb7 41. Qxb2 Rxb2 42. Ra1 Rb7 43. Nf8 Ra7 44. Ne2 Nf6 45. Nf4 Kg8 46. N8e6 Nd7 47. Nd8 Ne5 48. Nfe6 Nxe6 49. Nxe6 Nxc4 50. Ra4 Ne5 51. f4 Nd3 52. e5 dxe5 53. fxe5 Nxe5 54. Nxc5 Kf7 55. Nb3 Ke7 56. Rxa5 Rxa5 57. Nxa5 Kd6 58. Kf2 Kxd5 59. Kg3 g5 60. Nb3 h5 61. Nd2 h4+ 62. Kf2 Ke6 63. Ke3 Kf5 64. Nf3 Ng6 65. Nd4+ Kf6 66. Nf3 Ne5 67. Nxe5 Kxe5 68. Kf3 Kf5 69. Ke3 Ke5 70. Kf3 Kf5 71. Ke3 g4 72. hxg4+ Kxg4 73. Kf2 h3 74. Kg1 Kg3 75. Kh1 h2 1/2-1/2


[Site "https://www.chess.com"]

[Event "Titled Tuesday Blitz February 21 Early 2023"]
[White "Jaskolka, Tomasz"]
[Black "Matinian, Nikita"]
[WhiteFideId "1170791"]
[BlackFideId "24129100"]
[WhiteElo "2238"]
[BlackElo "2407"]
[Result "0-1"]
[Round "04"]
[TimeControl "180+2"]
[Date "2023.02.21"]
[WhiteClock "0:00:49"]
[BlackClock "0:01:36"]

1. d4 Nf6 2. c4 g6 3. g3 Bg7 4. Bg2 O-O 5. Nc3 Nc6 6. Nf3 d5 7. cxd5 Nxd5 8. e4 Nb6 9. d5 Na5 10. O-O c6 11. Re1 Nac4 12. dxc6 bxc6 13. Qb3 Rb8 14. Bf4 e5 15. Bg5 Qc7 16. Rac1 Be6 17. Qb4 Rfc8 18. Qc5 Bf8 19. Nb5 Qb7 20. Nd6 Bxd6 0-1


[Site "https://www.chess.com"]

[Event "Titled Tuesday Blitz February 21 Early 2023"]
[White "Cherniaiev, Tykhon"]
[Black "Ronka, Erik"]
[WhiteFideId "14182360"]
[BlackFideId "505080"]
[WhiteElo "2330"]
[BlackElo "2276"]
[Result "1-0"]
[Round "04"]
[TimeControl "180+2"]
[Date "2023.02.21"]
[WhiteClock "0:00:14"]
[BlackClock "0:00:01"]

1. Nf3 d5 2. d4 Nf6 3. c4 c6 4. e3 Bf5 5. Bd3 Bxd3 6. Qxd3 e6 7. O-O Nbd7 8. Nc3 Bb4 9. Bd2 O-O 10. Rfe1 a5 11. a3 Be7 12. e4 dxe4 13. Nxe4 Nxe4 14. Qxe4 Qb6 15. Bc3 Nf6 16. Qf4 Rad8 17. Rad1 Qb3 18. Ne5 a4 19. Rd3 c5 20. d5 exd5 21. Ba5 Qxb2 22. Bxd8 Bxd8 23. cxd5 b5 24. Nc6 c4 25. Qd2 Qxd2 26. Rxd2 Bb6 27. d6 Nd7 28. Re7 c3 29. Rc2 b4 30. Nxb4 Nf6 31. Rxc3 1-0


[Site "https://www.chess.com"]